 Dungeon Crawl Stone Soup version 0.20.1-1-g8b1a95d (webtiles) character file.

7378 JeffiDaFish the Basher (level 11, -5/68 HPs)
             Began as a Gargoyle Fighter on July 22, 2017.
             Was a High Priest of Okawaru.
             Collided with a ynoxinul (28 damage)
             ... caused by a lich
             ... on level 1 of the Abyss on July 26, 2017.
             The game lasted 00:24:38 (7295 turns).

JeffiDaFish the Basher (Gargoyle Fighter)           Turns: 7295, Time: 00:24:38

Health: -5/68      AC: 25    Str: 20    XL:     11   Next: 14%
Magic:  12/12      EV:  4    Int:  9    God:    Okawaru [*****.]
Gold:   555        SH: 17    Dex: 12    Spells: 4/12 levels left

rFire    . . .     SeeInvis .   a - +1 flail
rCold    . . .     Gourm    .   x - +0 large shield (curse)
rNeg     + . .     Faith    .   e - +0 plate armour
rPois    ∞         Spirit   .   q - +0 helmet
rElec    +         Reflect  .   k - +0 cloak
rCorr    .         Harm     .   n - +1 pair of gloves
MR       ++...                  (no boots)
Stlth    ..........             (no amulet)
Regen    1.1/turn               m - ring of protection from magic
MPRegen  0.2/turn               v - ring of protection from magic

@: no status effects
A: negative energy resistance 1, regeneration 2, screaming 1, electricity
resistance, unbreathing, petrification resistance, rot immunity, AC +7
a: Heroism, Finesse, Renounce Religion


You were on level 1 of the Abyss.
You worshipped Okawaru.
Okawaru was extremely pleased with you.
You were hungry.

You visited 1 branch of the dungeon, and saw 9 of its levels.
You visited the Abyss 1 time.
You also visited: Sewer.

You collected 555 gold pieces.

Inventory:

Hand Weapons
 a - a +1 flail (weapon)
Armour
 e - a +0 plate armour (worn)
 k - a +0 cloak (worn)
 n - a +1 pair of gloves (worn)
 q - a +0 helmet (worn)
 x - a cursed +0 large shield (worn)
Jewellery
 m - a ring of protection from magic (left hand)
 v - a ring of protection from magic (right hand)
Wands
 s - a wand of scattershot (3/9)
Scrolls
 g - a scroll of blinking
 i - 2 scrolls of identify
 o - a scroll of fog
 p - a scroll of enchant weapon
 r - 2 scrolls of magic mapping
 t - 4 scrolls of teleportation
Potions
 b - 5 potions of curing
 c - 2 potions of ambrosia
 u - a potion of flight
Books
 w - a book of Annihilations

   Spells                             Type                      Level
   a - Poison Arrow                   Conjuration/Poison           6
   b - Chain Lightning                Conjuration/Air              8
   c - Lehudib's Crystal Spear        Conjuration/Earth            8
   d - Glaciate                       Conjuration/Ice              9
   e - Fire Storm                     Conjuration/Fire             9
Comestibles
 d - 4 meat rations
 f - 7 bread rations
 h - 4 fruits
 j - 3 royal jellies


   Skills:
 * Level 8.0 Fighting
 * Level 10.9 Maces & Flails
 * Level 7.1 Armour
 + Level 2.1 Dodging
 - Level 1.3 Stealth
 * Level 9.9 Shields
 - Level 0.4 Unarmed Combat
 + Level 1.0 Spellcasting
 + Level 1.5 Conjurations
 + Level 1.0 Earth Magic


You had 4 spell levels left.
You knew the following spells:

 Your Spells              Type           Power        Failure   Level  Hunger
a - Lehudib's Crystal Sp  Conj/Erth      #.........   100%        8    #######


Dungeon Overview and Level Annotations

Branches:
Dungeon (9/15)             Temple (0/1) D:7
   Lair: D:8-11         Orc: D:9-12

Altars:
Cheibriados
Dithmenos
Fedhas
Gozag
Okawaru
Sif Muna
Trog
Uskayaw
Vehumet
Yredelemnul
Zin

Annotations:
D:7 Crazy Yiuf


Innate Abilities, Weirdness & Mutations

You are resistant to torment.
Your stone body is resilient. (AC +7)
You are immune to poison.
You resist negative energy. (rN+)
You are resistant to electric shocks. (rElec)
You can survive without breathing.
You are immune to petrification.
You are immune to rotting.
You heal very quickly.
You occasionally shout uncontrollably at your foes.


Message History

Your shield prevents you from hitting the lich.
The lich is severely damaged.
You block the ufetubus's attack. x3
The ufetubus hits you but does no damage.
You block the toenail golem's attack.
The ynoxinul hits you but does no damage.
The ufetubus hits you but does no damage.
You block the ufetubus's attack. The lich closely misses you.
You closely miss the lich.
The lich is severely damaged.
The ufetubus barely misses you. You block the ufetubus's attack.
The toenail golem hits you.
The ynoxinul hits you but does no damage.
The lich points at you and mumbles some strange words.
The lance of force hits you!
You are knocked back by the lance of force.
You collide with the ynoxinul!
The ynoxinul dies!
The ufetubus disappears in a puff of smoke! x7
You die...

.L # ...# .
. # . #### #
...
...#..#.#..
...#.#.. .#
#. ##.1..
..# .
#.##§.1#
.####.§§{#L#
#.. .#§§@#.#
.. ..##§.8#
.# .
##...§§§ ...
#.##.....#..
. # ..##..#
..# .# .#..
...##.... ##
. ....# ##..
#.#.### #.#
# .#


You could see 2 Hell Sentinels, a lich and a toenail golem.

Vanquished Creatures
  A tengu warrior (D:9)
  The ghost of Ponkle the Fighter, a novice HOFi of Makhleb (D:7)
  Pikel (D:8)
  Maurice (D:9)
  A hippogriff (D:7)
  A hornet (D:5)
  Sigmund (D:2)
  3 yaks (D:9)
  Menkaure (D:6)
  A hungry ghost (D:7)
  A soldier ant (D:8)
  3 water moccasins
  2 sky beasts
  A necrophage (D:9)
  4 slaves (D:8)
  A black bear (D:6)
  An ice beast (D:5)
  6 phantoms
  An ogre (D:4)
  10 centaurs
  A big kobold (Sewer)
  3 bullfrogs
  A scorpion (D:8)
  8 wights (D:8)
  The ghost of azarias the Digger, a weakling GrEE (D:3)
  3 crimson imps
  4 hounds
  A jelly (D:5)
  5 orc priests
  5 orc wizards
  2 bullfrog skeletons (D:4)
  A centaur skeleton (D:8)
  Natasha (D:3)
  2 iguanas
  2 worker ants (D:8)
  A hound zombie (D:8)
  A worker ant zombie (D:5)
  12 adders
  16 gnolls
  3 river rats
  3 shadow imps
  An adder zombie (D:8)
  An adder skeleton (D:7)
  4 worms
  2 dart slugs (D:4)
  6 leopard geckos
  19 orcs
  6 bats
  8 giant cockroaches
  7 goblins
  15 hobgoblins
  12 jackals
  3 quokkas
  2 ball pythons
  4 frilled lizards
  A jackal skeleton (D:6)
  9 kobolds
  A leopard gecko skeleton (D:4)
  A quokka skeleton (D:5)
  A quokka zombie (D:5)
  11 rats
232 creatures vanquished.

Vanquished Creatures (others)
  A ynoxinul (Abyss:1)
  2 orc wizards (D:5)
3 creatures vanquished.

Grand Total: 235 creatures vanquished

Notes
Turn   | Place    | Note
-------+----------+-------------------------------------------
     0 | D:1      | JeffiDaFish the Gargoyle Fighter began the quest for the Orb.
     0 | D:1      | Reached XP level 1. HP: 14/14 MP: 1/1
   164 | D:1      | Reached XP level 2. HP: 16/19 MP: 2/2
   619 | D:2      | Noticed Sigmund
   633 | D:1      | Reached XP level 3. HP: 18/23 MP: 3/3
   992 | D:2      | Reached XP level 4. HP: 17/28 MP: 4/4
  1104 | D:2      | Found a hide-covered altar of Uskayaw.
  1132 | D:2      | Found an opulent altar of Gozag.
  1229 | D:2      | Killed Sigmund
  1229 | D:2      | Reached skill level 3 in Maces & Flails
  1229 | D:2      | Reached skill level 1 in Dodging
  1229 | D:2      | Reached XP level 5. HP: 18/33 MP: 5/5
  1229 | D:2      | Reached XP level 6. HP: 21/38 MP: 6/6
  1568 | D:2      | Found an iron altar of Okawaru.
  1576 | D:2      | Became a worshipper of Warmaster Okawaru
  1694 | D:2      | Reached skill level 5 in Shields
  1710 | D:2      | Reached skill level 4 in Maces & Flails
  2060 | D:3      | Gained mutation: Your natural rate of healing is unusually fast. [potion of mutation]
  2060 | D:3      | Gained mutation: You occasionally shout uncontrollably at your foes. [potion of mutation]
  2060 | D:3      | Gained mutation: You heal very quickly. [potion of mutation]
  2101 | D:3      | Noticed azarias's ghost (weakling GrEE)
  2114 | D:3      | Killed azarias's ghost
  2490 | D:3      | Found a deep blue altar of Sif Muna.
  2565 | D:3      | Noticed Natasha
  2578 | D:3      | Killed Natasha
  2712 | D:4      | Found a basalt altar of Yredelemnul.
  2810 | D:4      | Reached XP level 7. HP: 35/44 MP: 7/7
  2841 | D:4      | Found a snail-covered altar of Cheibriados.
  2992 | D:4      | Found a bloodstained altar of Trog.
  3069 | D:4      | Found a blossoming altar of Fedhas.
  3098 | D:5      | Entered Level 5 of the Dungeon
  3286 | D:5      | Reached skill level 5 in Maces & Flails
  3346 | D:5      | Reached * piety under Okawaru
  3430 | D:5      | Reached XP level 8. HP: 42/48 MP: 8/8
  3449 | D:5      | Reached skill level 5 in Fighting
  3579 | D:5      | Reached skill level 6 in Maces & Flails
  3615 | D:5      | Reached skill level 5 in Armour
  3652 | D:5      | Reached ** piety under Okawaru
  3846 | D:5      | Reached skill level 7 in Maces & Flails
  4024 | D:5      | Noticed a hornet
  4039 | D:5      | Killed a hornet
  4039 | D:5      | Reached XP level 9. HP: 54/54 MP: 9/9
  4217 | D:6      | Noticed Menkaure
  4231 | D:6      | Killed Menkaure
  4231 | D:6      | Reached skill level 8 in Maces & Flails
  4288 | D:6      | Reached *** piety under Okawaru
  4357 | D:6      | Found a shadowy altar of Dithmenos.
  4540 | D:6      | Found a glowing drain.
  4544 | Sewer    | Entered a sewer
  4650 | Sewer    | Found a white marble altar of Elyvilon.
  4926 | D:6      | You fall through a shaft for 3 floors!
  4947 | D:9      | Noticed Maurice
  4988 | D:9      | Killed Maurice
  4988 | D:9      | Reached skill level 9 in Maces & Flails
  4988 | D:9      | Reached skill level 1 in Stealth
  5026 | D:9      | Found a glowing silver altar of Zin.
  5109 | D:9      | Reached **** piety under Okawaru
  5139 | D:9      | Reached XP level 10. HP: 61/61 MP: 10/10
  5397 | D:9      | Noticed a tengu warrior
  5447 | D:9      | Killed a tengu warrior
  5447 | D:9      | Reached skill level 10 in Maces & Flails
  5655 | D:8      | Noticed Pikel
  5678 | D:8      | Killed Pikel
  5757 | D:8      | Reached ***** piety under Okawaru
  6488 | D:7      | Learned a level 8 spell: Lehudib's Crystal Spear
  6530 | D:7      | Found a radiant altar of Vehumet.
  6696 | D:7      | Found a staircase to the Ecumenical Temple.
  6744 | D:7      | Noticed Ponkle's ghost (novice HOFi)
  6790 | D:7      | Killed Ponkle's ghost
  6790 | D:7      | Reached skill level 1 in Conjurations
  6790 | D:7      | Reached skill level 1 in Earth Magic
  6790 | D:7      | Reached XP level 11. HP: 68/68 MP: 10/12
  6849 | D:7      | Reached skill level 1 in Spellcasting
  7222 | D:7      | Found a runed door.
  7226 | D:7      | Noticed Crazy Yiuf
  7230 | D:7      | Cast into level 1 of the Abyss (Crazy Yiuf)
  7266 | Abyss:1  | Noticed a lich
  7275 | Abyss:1  | Noticed a Hell Sentinel
  7282 | Abyss:1  | Noticed a Hell Sentinel
  7295 | Abyss:1  | Collided with a ynoxinul

Skill      XL: |  1  2  3  4  5  6  7  8  9 10 11 |
---------------+----------------------------------+-----
Armour         | 4 5 6 7 |  7.1
Shields        | 4 5 6 7 8 9 |  9.9
Fighting       | 4 5 6 7 8 |  8.0
Maces & Flails | 3 4 5 7 9 10 | 10.9
Dodging        | 1 2 |  2.1
Stealth        | 1 |  1.3
Conjurations   | 1 |  1.5
Earth Magic    | 1 |  1.0
Spellcasting   | 1 |  1.0
Unarmed Combat | |  0.4

Action                   |  1- 3 |  4- 6 |  7- 9 | 10-12 || total
-------------------------+-------+-------+-------+-------++-------
Melee: Flail             |   110 |   178 |   513 |   551 ||  1352
       Unarmed           |       |       |     1 |       ||     1
Invok: Heroism           |       |       |       |     2 ||     2
  Use: Scroll            |     4 |     3 |     3 |     8 ||    18
       Potion            |     2 |     4 |     3 |     5 ||    14
  Eat: Chunk             |       |     7 |     8 |    10 ||    25
Armor: Scale mail        |    71 |    97 |       |       ||   168
       Plate armour      |       |    23 |   288 |   410 ||   721
Dodge: Dodged            |    50 |    67 |    87 |   109 ||   313
Block: Shield            |    77 |   127 |   263 |   292 ||   759
       Large shield      |       |       |       |    52 ||    52
